 Dungeon Crawl Stone Soup version 0.27.1-4-g1640c2035a (webtiles) character file.

Game seed: 7535813280705307899

13596 MajorAdolf the Covert (level 12, -6/118 HPs)
             Began as a Naga Wanderer on Nov 11, 2021.
             Was an Elder of Ashenzari.
             Killed from afar by a gargoyle (23 damage)
             ... with a stone arrow
             ... in a volcano on Nov 12, 2021.
             The game lasted 00:46:03 (30933 turns).

MajorAdolf the Covert (Naga Wanderer)              Turns: 30933, Time: 00:46:03

Health: -6/118     AC:  9    Str: 19    XL:     12   Next: 7%
Magic:  25/25      EV:  5    Int: 15    God:    Ashenzari [****..]
Gold:   688        SH: 14    Dex: 11    Spells: 15/29 levels left

rFire    + . .     SeeInvis +   q - staff of death (curse) {Elem, Comp}
rCold    . . .     Faith    .   h - +0 tower shield
rNeg     + + .     Spirit   .   G - +0 troll leather armour
rPois    +         Reflect  .   A - +1 hat of Star-Bound Wisdom {Self, Alch} (curse)
rElec    +         Harm     .   J - +0 cloak of the Bound Augur {Bglg, Evo} (curse)
rCorr    .         Rampage  .   y - +0 pair of gloves of the Prescient Elitism {Bglg, Range} (curse)
Will     +....     Clarity  +   (no barding)
Stlth    ++++......             e - amulet of Ashenzari's Jealousy {RegenMP, Elem, Self} (curse)
HPRegen  1.29/turn              i - ring of protection from fire
MPRegen  0.44/turn              B - ring of Panopticon {rElec rN+ Str+6 Int-4, Melee, Range} (curse)

@: studying Throwing, very slow
A: AC +4, large, see invisible, deformed body, poison resistance, slowness 2,
spit poison 1, naga tail 1
a: Spit Poison, Renounce Religion, Shatter the Chains


You were in a volcano.
You worshipped Ashenzari.
Ashenzari was greatly pleased with you.
You visited 3 branches of the dungeon, and saw 14 of its levels.
You also visited: Sewer and Volcano.

You collected 1001 gold pieces.
You spent 313 gold pieces at shops.

Inventory:

Hand Weapons
 a - a +2 short sword
 d - a +0 dagger
Armour
 h - a +0 tower shield (worn)
 y - the cursed +0 pair of gloves of the Prescient Elitism (worn) {Bglg, Range}
   (You found it on level 5 of the Dungeon)

   It has a curse which improves the following skills: Beguiling: Conjurations,
   Hexes and Translocations.
   Ranged Combat: Slings, Bows, Crossbows and Throwing.
 A - the cursed +1 hat of Star-Bound Wisdom (worn) {Self, Alch}
   (You found it on level 9 of the Dungeon)

   It has a curse which improves the following skills: Introspection: Fighting
   and Spellcasting.
   Alchemy:   Poison Magic and Transmutations.
 D - a scarf of harm
 G - a +0 troll leather armour (worn)
 J - the cursed +0 cloak of the Bound Augur (worn) {Bglg, Evo}
   (You took it off Maurice on level 11 of the Dungeon)

   It has a curse which improves the following skills: Beguiling: Conjurations,
   Hexes and Translocations.
   Evocations: Evocations.
Magical Staves
 q - a cursed staff of death (weapon) {Elem, Comp}
Jewellery
 e - the cursed amulet of Ashenzari's Jealousy (around neck) {RegenMP, Elem, Self}
   (You found it on level 3 of the Dungeon)

   [amulet of magic regeneration]

   It increases your rate of magic regeneration.
   It has a curse which improves the following skills: Elements: Fire Magic, Ice
   Magic, Air Magic and Earth Magic.
   Introspection: Fighting and Spellcasting.
 i - a ring of protection from fire (left hand)
 m - a ring of fire
 B - the cursed ring of Panopticon (right hand) {rElec rN+ Str+6 Int-4, Melee, Range}
   (You found it on level 7 of the Dungeon)

   [ring of strength]

   Str:       It affects your strength (+6).
   Int:       It affects your intelligence (-4).
   rElec:     It insulates you from electricity.
   rN:        It protects you from negative energy.
   It has a curse which improves the following skills: Melee Combat: Short
   Blades, Long Blades, Axes, Maces & Flails, Polearms, Staves and Unarmed
   Combat.
   Ranged Combat: Slings, Bows, Crossbows and Throwing.
 E - a ring of protection from fire
Wands
 o - a wand of iceblast (3)
 r - a wand of acid (8)
 I - a wand of flame (4)
Scrolls
 b - 6 scrolls of teleportation
 g - 2 scrolls of fear
 n - 2 scrolls of summoning
 p - 3 scrolls of brand weapon
 s - a scroll of fog
 u - 2 scrolls of blinking
 v - a scroll of enchant weapon
 w - a scroll of holy word
 z - 2 scrolls of amnesia
 C - a scroll of immolation
Potions
 f - 5 potions of curing
 k - a potion of might
 l - 2 potions of haste
 t - 4 potions of flight
 x - a potion of berserk rage
 H - a potion of brilliance
Miscellaneous
 F - a condenser vane (inert)


   Skills:
 + Level 7.2(10.7) Fighting
 - Level 2.0(3.7) Short Blades
 - Level 1.0(4.4) Maces & Flails
 + Level 5.8(8.2) Staves
 - Level 1.0 Armour
 + Level 10.9 Stealth
 + Level 5.4 Shields
 + Level 5.5(9.0) Spellcasting
 + Level 6.0(8.4) Necromancy
 + Level 6.0(9.5) Ice Magic
 + Level 6.1(9.6) Earth Magic
 + Level 6.5(8.8) Evocations


You had 15 spell levels left.
You knew the following spells:

 Your Spells              Type           Power      Damage    Failure   Level
a - Ozocubu's Armour      Ice            35%        N/A       6%          3
b - Borgnjor's Vile Clut  Necr/Erth      25%        N/A       56%         5
c - Simulacrum            Ice/Necr       25%        N/A       98%         6

Your spell library contained the following spells:

 Spells                   Type           Power      Damage    Failure   Level
 Freeze                   Ice            100%       1d11      1%          1
 Frozen Ramparts          Ice            70%        1d9       6%          3
 Stone Arrow              Conj/Erth      44%        3d9       36%         3
 Slow                     Hex            8%         N/A       77%         2
 Animate Armour           Summ/Erth      42%        N/A       77%         4
 Hailstorm                Conj/Ice       21%        3d6       77%         4
 Ice Form                 Ice/Tmut       21%        N/A       78%         4
 Call Imp                 Summ           7%         N/A       80%         2
 Confusing Touch          Hex            8%         N/A       94%         3
 Conjure Flame            Conj/Fire      8%         6-21      94%         3
 Ignite Poison            Fire/Tmut/Pois 7%         N/A       95%         3
 Passage of Golubria      Tloc           N/A        N/A       100%        4
 Sticky Flame             Conj/Fire      8%         2d3       100%        4
 Alistair's Intoxication  Tmut/Pois      4%         N/A       100%        5
 Bolt of Magma            Conj/Fire/Erth 8%         4d6       100%        5
 Silence                  Hex/Air        4%         N/A       100%        5
 Yara's Violent Unravell  Hex/Tmut       3%         3d4       100%        5
 Eringya's Noxious Bog    Tmut/Pois      3%         N/A       100%        6
 Haunt                    Necr/Summ      14%        N/A       100%        7
 Lehudib's Crystal Spear  Conj/Erth      11%        10d4      100%        8
 Summon Horrible Things   Summ           3%         N/A       100%        8
 Shatter                  Erth           17%        3d16*     100%        9


Dungeon Overview and Level Annotations

Branches:
Dungeon (12/15)            Temple (1/1) D:4            Lair (0/6) D:8
    Orc (1/2) D:11          Sewer (visited)         Volcano (1/1)

Altars:
Ashenzari
Cheibriados
Dithmenos
Elyvilon
Fedhas
Gozag
Hepliaklqana
Kikubaaqudgha
Makhleb
Nemelex Xobeh
Okawaru
Qazlal
Ru
Sif Muna
Trog
Uskayaw
Vehumet
Wu Jian
Xom
Yredelemnul
Zin
The Shining One

Shops:
D:3 ((*   D:9 !

Annotations:
D:1 exclusion: gnoll
D:7 exclusion: wight
D:8 exclusions: centaur warrior and 2 death yaks
D:10 exclusions: downstairs and two-headed ogre
D:11 exclusion: manticore
D:12 exclusions: cyclops and hydra


Innate Abilities, Weirdness & Mutations

Your serpentine skin is tough. (AC +4)
You have supernaturally acute eyesight. (SInv)
Armour fits poorly on your strangely shaped body.
Your system is resistant to poisons. (rPois)
You cover ground very slowly.
You can spit poison.
You have a snake-like lower body.


Message History

The gargoyle is moderately damaged.
The gargoyle hurls a stone arrow at you.
The stone arrow hits you.
You hit the gargoyle but do no damage.
The gargoyle is moderately damaged.
The air gets thick with the scent of sulphur.
Your icy armour starts to melt.
The gargoyle hurls a stone arrow at you.
The stone arrow hits you!!
* * * LOW HITPOINT WARNING * * *
You hit the gargoyle but do no damage.
The gargoyle is moderately damaged.
You block the gargoyle's attack.
You hit the gargoyle but do no damage.
The gargoyle is moderately damaged.
You block the gargoyle's attack.
You hit the gargoyle but do no damage.
The gargoyle is moderately damaged.
In the distance, the volcano erupts with a roar.
The gargoyle hurls a stone arrow at you.
You block the stone arrow.
You hit the gargoyle but do no damage.
The gargoyle is moderately damaged.
You block the gargoyle's attack.
You barely miss the gargoyle.
The gargoyle is moderately damaged.
Your icy armour evaporates.
The gargoyle hurls a stone arrow at you.
You block the stone arrow.
You hit the gargoyle but do no damage.
The gargoyle is moderately damaged.
The gargoyle hurls a stone arrow at you.
The stone arrow hits you!!
* * * LOW HITPOINT WARNING * * *
You hit the gargoyle but do no damage.
The gargoyle is moderately damaged.
You block the gargoyle's attack.
The gargoyle hurls a stone arrow at you.
The stone arrow hits you!!
You die...

* * * * ** ,** , , *# , ,
≈ ≈ ≈ #≈ * * , , * ##≈≈
** #+##### ##≈§§ #..⌠..#
* ###≈≈§≈
#.....##########§§.§§§ *
#....)'....8...§≈§.§.≈ *
+..∩9@'........'§..≈≈§ *
* *#.....'....8...'≈...≈≈
*
*#.'.....##########.#....
≈ **..#..⌠..# #####.§ ≈
,, . ####### ####. , ####
## * ** #


You could see a gargoyle.

Vanquished Creatures
  A centaur warrior (D:8)
  4 two-headed ogres
  Pikel (D:9)
  A cyclops (D:7)
  Maurice (D:11)
  2 gargoyles (Volcano)
  A komodo dragon (D:11)
  3 trolls
  2 flying skulls (Volcano)
  A wraith (D:12)
  12 yaks
  A wyvern (D:8)
  A warg (D:11)
  An acid dragon (D:11)
  2 water moccasins
  2 black bears (D:6)
  3 ogres
  9 orc warriors
  5 necrophages
  2 centaurs
  5 kobold brigands
  A bullfrog (D:8)
  4 scorpions
  A water moccasin zombie (D:6)
  4 killer bees (D:10)
  3 wights
  5 howler monkeys
  A bullfrog zombie (D:7)
  5 centaur zombies
  2 jellies
  5 orc priests
  4 hounds
  A centaur skeleton (D:6)
  4 iguanas
  4 bullfrog skeletons
  17 orc wizards
  A killer bee zombie (D:7)
  2 naga skeletons (Volcano)
  5 gnolls
  6 adders
  A river rat (D:8)
  A white imp (D:8)
  2 ufetubi
  An adder zombie (D:5)
  5 worms
  3 dart slugs
  52 orcs
  5 ball pythons
  6 endoplasms
  3 giant cockroaches
  5 goblins
  5 hobgoblins
  6 jackals
  17 kobolds
  9 quokkas
  12 bats
  A frilled lizard (Sewer)
  5 rats
274 creatures vanquished.

Vanquished Creatures (collateral kills)
  An orc warrior (D:8)
  3 orcs (D:8)
4 creatures vanquished.

Vanquished Creatures (others)
  A flying skull (Volcano)
  An ogre (D:8)
  2 bushes (D:7)
  25 plants (D:7)
29 creatures vanquished.

Grand Total: 307 creatures vanquished

Notes
Turn   | Place    | Note
-------+----------+-------------------------------------------
     0 | D:1      | MajorAdolf the Naga Wanderer began the quest for the Orb.
     0 | D:1      | MajorAdolf set off with the following items: a +2 short
                  | sword, 2 scrolls of teleportation, a +0 robe, a +0 dagger
     0 | D:1      | Reached XP level 1. HP: 19/19 MP: 1/1
   446 | D:1      | Reached XP level 2. HP: 16/27 MP: 2/2
  1453 | D:2      | Reached skill level 4 in Stealth
  1732 | D:2      | Reached XP level 3. HP: 11/33 MP: 3/3
  2582 | D:3      | Found Tihepn's Antique Weapon Emporium.
  2644 | D:3      | Found Bowkot's Antique Weapon Emporium.
  3510 | D:3      | Found Focuedux's Assorted Antiques.
  3976 | D:4      | Reached skill level 1 in Shields
  3976 | D:4      | Reached XP level 4. HP: 42/42 MP: 4/4
  4752 | D:4      | Reached skill level 5 in Stealth
  5004 | D:4      | Reached XP level 5. HP: 9/49 MP: 5/5
  5433 | D:4      | Found a staircase to the Ecumenical Temple.
  5620 | Temple   | Entered the Ecumenical Temple
  6013 | Temple   | Became a worshipper of Ashenzari the Shackled
  6066 | D:5      | Entered Level 5 of the Dungeon
  6094 | D:5      | Identified the Incunabulum of the Creative Glacier
  6106 | D:5      | Learned a level 3 spell: Ozocubu's Armour
  6294 | D:5      | Noticed an ogre
  6301 | D:5      | Killed an ogre
  6302 | D:5      | Reached XP level 6. HP: 46/57 MP: 6/6
  6314 | D:5      | Reached skill level 1 in Earth Magic
  6743 | D:5      | Reached skill level 6 in Stealth
  6743 | D:5      | Reached skill level 1 in Spellcasting
  6743 | D:5      | Reached skill level 1 in Necromancy
  6743 | D:5      | Reached skill level 1 in Ice Magic
  7114 | D:5      | Reached XP level 7. HP: 33/64 MP: 8/8
  7981 | D:6      | Reached skill level 1 in Staves
  8058 | D:6      | Found a glowing drain.
  8090 | Sewer    | Entered a sewer
  9615 | D:6      | Reached XP level 8. HP: 31/73 MP: 9/11
  9919 | D:3      | Bought a gold wand for 116 gold pieces
  9919 | D:3      | Bought a wand of iceblast (7) for 116 gold pieces
 10111 | D:5      | Learned a level 5 spell: Borgnjor's Vile Clutch
 10505 | D:6      | Reached * piety under Ashenzari
 10759 | D:6      | Reached skill level 7 in Stealth
 12046 | D:7      | Noticed a cyclops
 12559 | D:7      | Killed a cyclops
 12560 | D:7      | Reached skill level 5 in Fighting
 12560 | D:7      | Reached XP level 9. HP: 81/81 MP: 11/13
 12677 | D:7      | Identified the ring of Xom's Sleight of Hands {rElec rN+
                  | Str+6 Int-4}
 12687 | D:7      | Found a blossoming altar of Fedhas.
 14331 | D:7      | Reached skill level 8 in Stealth
 17017 | D:7      | Reached ** piety under Ashenzari
 18353 | D:3      | Bought 2 blue potions for 52 gold pieces
 18353 | D:3      | Bought a scroll labelled JITRIMP BESK for 29 gold pieces
 18780 | D:8      | Noticed a two-headed ogre
 18893 | D:8      | Killed a two-headed ogre
 18894 | D:8      | Reached XP level 10. HP: 29/91 MP: 15/15
 19814 | D:8      | Reached skill level 9 in Stealth
 20082 | D:8      | Reached skill level 5 in Evocations
 20439 | D:8      | Noticed a centaur warrior
 20961 | D:8      | Noticed a death yak
 22359 | D:8      | Killed a centaur warrior
 22685 | D:8      | Noticed a death yak
 23164 | D:8      | Found a staircase to the Lair.
 23832 | D:9      | Noticed Pikel
 23872 | D:9      | Killed Pikel
 23873 | D:9      | Reached skill level 5 in Ice Magic
 23873 | D:9      | Reached skill level 5 in Earth Magic
 24152 | D:9      | Reached *** piety under Ashenzari
 25266 | D:9      | Reached skill level 5 in Necromancy
 25266 | D:9      | Reached XP level 11. HP: 93/104 MP: 20/20
 25484 | D:9      | Identified the cursed +0 pair of gloves of the Prescient
                  | Elitism {Bglg, Range} (You found it on level 5 of the
                  | Dungeon)
 25484 | D:9      | Identified the cursed +0 robe "Share My Seeker" {Bglg, Cun}
 25837 | D:9      | Found Gugakuc's Distillery.
 25954 | D:10     | Entered Level 10 of the Dungeon
 26216 | D:10     | Reached skill level 5 in Staves
 26216 | D:10     | Reached skill level 10 in Stealth
 26389 | D:10     | Reached **** piety under Ashenzari
 26839 | D:10     | Noticed a two-headed ogre
 27277 | D:11     | Found a staircase to the Orcish Mines.
 27395 | D:11     | Learned a level 6 spell: Simulacrum
 27937 | D:11     | Noticed a two-headed ogre
 27947 | D:11     | Killed a two-headed ogre
 27948 | D:11     | Reached skill level 5 in Shields
 27948 | D:11     | Reached skill level 5 in Spellcasting
 27976 | D:11     | Noticed a two-headed ogre
 28381 | D:11     | Killed a two-headed ogre
 28771 | D:11     | Noticed Maurice
 28776 | D:11     | Killed Maurice
 28966 | D:11     | Reached ***** piety under Ashenzari
 29377 | D:11     | Noticed a manticore
 29559 | D:12     | Noticed a cyclops
 29559 | D:12     | Noticed a four-headed hydra
 30153 | Orc:1    | Entered Level 1 of the Orcish Mines
 30573 | Orc:1    | Noticed a two-headed ogre
 30585 | D:11     | Killed a two-headed ogre
 30642 | Orc:1    | Found a dark tunnel.
 30652 | Volcano  | Entered a volcano
 30797 | Volcano  | Reached XP level 12. HP: 84/118 MP: 24/24
 30933 | Volcano  | Killed from afar by a gargoyle

Illustrated notes

Levels and vault maps discovered:
D:1:      dpeg_cavernosity, layout_rooms, shapermc_ecumenical_altar_venn
D:2:      layout_basic, corexii_leaking_fountain
D:3:      layout_rooms, serial_curves, eino_curves_02, eino_curves_04,
          serial_shops, shop, shop, nicolae_shop_waterfront,
          minmay_misc_feat_tiny
D:4:      layout_cave_pods, minmay_temple_entry_enclosed_plants,
          minmay_manual_macuahuitl
D:5:      layout_gridville, minmay_circle_x
D:6:      layout_loops_ring, portal_sewer_entry_f, minmay_increasing_density
D:7:      layout_basic, fedhas_altar_decomposition, serial_bayou_pond_c
D:8:      layout_loops_ring, dpeg_lair_monsters, special_room
          [special_room_orc], st_stairs_2
D:9:      layout_gridville, serial_shops, nicolae_stop_n_shop_1, uniq_pikel
D:10:     layout_stronghold
D:11:     layout_cave_pods, orc_0_dummy, uniq_maurice
D:12:     layout_roguey, trog_hazing_becter, uniq_erolcha
Temple:   regret_index_temple_sigil_plot
Orc:1:    layout_caves, enter_volcano_2
Volcano:  volcano_tomb [vts_original]

Skill      XL: |  1  2  3  4  5  6  7  8  9 10 11 12 |
---------------+-------------------------------------+-----
Stealth        | 4 5 6 7 8 9 10 | 10.9
Fighting       | 3 4 5 6 7 |  7.2
Shields        | 1 2 3 4 5 |  5.4
Earth Magic    | 1 2 3 4 5 6 |  6.1
Spellcasting   | 1 2 3 4 5 |  5.5
Necromancy     | 1 2 3 4 5 6 |  6.0
Ice Magic      | 1 2 3 4 5 6 |  6.0
Staves         | 1 2 4 5 |  5.8
Evocations     | 3 4 5 6 |  6.5
Short Blades   | |  2.0
Maces & Flails | |  1.0
Armour         | |  1.0

Action                   |  1- 3 |  4- 6 |  7- 9 | 10-12 || total
-------------------------+-------+-------+-------+-------++-------
Melee: Short sword       |    19 |    80 |       |       ||    99
       Staff             |       |       |   614 |   747 ||  1361
 Cast: Ozocubu's Armour  |       |       |     2 |    36 ||    38
       Borgnjor's Vile C |       |       |       |     1 ||     1
Invok: Curse Item        |       |       |     3 |     5 ||     8
       Shatter the Chain |       |       |       |     2 ||     2
 Abil: Spit Poison       |    42 |    20 |    59 |    36 ||   157
Evoke: Wand              |       |     2 |    38 |    50 ||    90
       Condenser vane    |       |       |       |     1 ||     1
  Use: Potion            |     2 |       |     1 |     2 ||     5
       Scroll            |       |     1 |       |       ||     1
 Stab: Sleeping          |       |     2 |     1 |     5 ||     8
       Distracted        |       |       |     1 |     1 ||     2
Armor: Robe              |     5 |    25 |   184 |   290 ||   504
       Troll leather arm |       |       |       |    88 ||    88
       Skin              |       |       |       |     5 ||     5
Dodge: Dodged            |    13 |    30 |   152 |   147 ||   342
Block: Buckler           |     4 |       |       |       ||     4
       Tower shield      |     1 |    90 |   530 |   738 ||  1359
